 Dungeon Crawl Stone Soup version 0.28-a0-1212-gc6b4282bc0 (webtiles) character file.

Game seed: 10880563605283492523

49 BinkBink the Cutter (level 4, -1/35 HPs)
             Began as a Human Chaos Knight on Dec 21, 2021.
             Was a Plaything of Xom.
             Frozen to death by an endoplasm (5 damage)
             ... on level 2 of the Dungeon.
             The game lasted 00:01:43 (1736 turns).

BinkBink the Cutter (Human Chaos Knight)            Turns: 1736, Time: 00:01:44

Health: -1/35      AC:  6    Str: 11 (13) XL:     4   Next: 1%
Magic:  4/4        EV: 11    Int: 11 (12) God:    Xom [..*...]
Gold:   63         SH:  0    Dex: 12 (14) Spells: 3/3 levels left

rFire   . . .      SeeInvis .   a - +0 short sword (chaos)
rCold   . . .      Faith    .   (no shield)
rNeg    . . .      Spirit   .   b - +2 leather armour
rPois   .          Reflect  .   (no helmet)
rElec   .          Harm     .   j - +0 cloak
rCorr   .          Rampage  .   (no gloves)
Will    .....                   (no boots)
Stlth   +.........              (no amulet)
HPRegen 0.11/turn               (no ring)
MPRegen 0.09/turn               (no ring)

@: no status effects
A: no striking features
a: Renounce Religion


You were on level 2 of the Dungeon.
You worshipped Xom.
You were a toy of Xom.
You visited 1 branch of the dungeon, and saw 2 of its levels.

You collected 63 gold pieces.

Inventory:

Hand Weapons
 a - a +0 short sword of chaos (weapon)
Armour
 b - a +2 leather armour (worn)
 j - a +0 cloak (worn)
Scrolls
 c - a scroll of immolation {unknown}
 d - a scroll of vulnerability {unknown}
 e - a scroll of brand weapon {unknown}
 f - 2 scrolls of fear {unknown}
 h - a scroll of teleportation {unknown}
 i - a scroll of silence {unknown}
 k - 3 scrolls of noise {unknown}


   Skills:
 - Level 3.0 Fighting
 + Level 4.6 Short Blades
 - Level 2.0 Armour
 - Level 1.0 Dodging


You had 3 spell levels left.
You didn't know any spells.
Your spell library was empty.

Dungeon Overview and Level Annotations

Branches:
Dungeon (2/15)

Altars:
Gozag


Message History

The endoplasm freezes you.
You are frozen.
* * * LOW HITPOINT WARNING * * *
You hit the endoplasm but do no damage.
The endoplasm is almost dead.
The endoplasm freezes you.
You are frozen.
* * * LOW HITPOINT WARNING * * *
The endoplasm seems less drained.
The ball python closely misses you. The ball python barely misses you.
The ball python bites you but does no damage.
The ball python barely misses you.
The ball python bites you but does no damage.
The ball python barely misses you. The ball python barely misses you. x2
The hobgoblin shouts!
A giant cockroach comes into view.
The giant cockroach bites you but does no damage.
The ball python bites you.
* * * LOW HITPOINT WARNING * * *
The ball python grabs you. The ball python constricts you.
Okay, then.
It was a potion of degeneration.
There was something very wrong with that liquid.
You feel weakened.
You feel dopey.
You feel clumsy.
The giant cockroach bites you but does no damage.
The ball python barely misses you. The ball python constricts you.
You escape the ball python's grasp.
The giant cockroach closely misses you. The giant cockroach misses you.
You hit the giant cockroach. You freeze the giant cockroach.
You kill the giant cockroach!
The endoplasm freezes you.
You are frozen.
* * * LOW HITPOINT WARNING * * *
You have reached level 4!
You feel stronger. The endoplasm freezes you.
You are frozen.
You die... "What!?
That's it?"

.g..............P..P...P......#
..#####.........#.#.#P#.#.#...#
#....g....#...#_#...#..##
#.........#.#.#.#.#.#..#
##..####...P......P....# #..#
#..#.#.#P#.#.#..# ....#
#Sg#...#P#.P.#..## ####.#
#J#############..## #.#
#.@.....†...S......
######...)#########.. ..
#..........(....
#.##..........[....
#...............)..
####S..............
#..................
####.##..........## .J.
#............


You could see an endoplasm and a ball python.

Vanquished Creatures
  A gnoll (D:1)
  An adder (D:2)
  A worm (D:2)
  A dart slug (D:1)
  An endoplasm (D:1)
  5 giant cockroaches
  A goblin (D:2)
  3 hobgoblins
  3 jackals (D:2)
  A quokka (D:1)
  A ball python (D:2)
  2 bats (D:1)
  A kobold (D:2)
22 creatures vanquished.

Notes
Turn   | Place    | Note
-------+----------+-------------------------------------------
     0 | D:1      | BinkBink the Human Chaos Knight began the quest for the
                  | Orb.
     0 | D:1      | Reached XP level 1. HP: 18/18 MP: 1/1
    31 | D:1      | XOM: silly message
   139 | D:1      | XOM: silly message
   368 | D:1      | Reached XP level 2. HP: 24/24 MP: 2/2
   527 | D:1      | XOM: divination: detect items
   642 | D:1      | XOM: potion effect (haste)
   649 | D:1      | Reached skill level 4 in Short Blades
   649 | D:1      | Reached XP level 3. HP: 29/29 MP: 3/3
   743 | D:1      | XOM: silly message
  1150 | D:2      | Found an opulent altar of Gozag.
  1173 | D:2      | XOM: silly message
  1352 | D:2      | XOM: divination: detect creatures
  1646 | D:2      | Found a faded altar of an unknown god.
  1669 | D:2      | XOM: noise
  1736 | D:2      | Reached XP level 4. HP: 4/35 MP: 4/4
  1736 | D:2      | Frozen to death by an endoplasm

Illustrated notes

Levels and vault maps discovered:
D:1:      evilmike_arrival_home_sweet_home, layout_loops_corners,
          minmay_misc_feat_diagonals
D:2:      layout_basic, serial_aquarium, aquarium_bridge_square
          [aquarium_subvault_wall, aquarium_subvault_bridge,
          aquarium_subvault_wall, aquarium_subvault_bridge], aquarium_window_1,
          aquarium_window_1, aquarium_window_corridor_1, aquarium_window_corner,
          aquarium_view_2b, aquarium_view_2b, aquarium_balcony_double_4,
          aquarium_pool_2, shapermc_ecumenical_altar_mp_urbaneastern,
          basic_altar

Skill      XL: |  1  2 |
---------------+-------+-----
Short Blades   | 4 |  4.6
Fighting       | |  3.0
Armour         | |  2.0
Dodging        | |  1.0

Action                   |  1- 3 |  4- 6 || total
-------------------------+-------+-------++-------
Melee: Short sword       |    75 |       ||    75
  Use: Potion            |     1 |       ||     1
 Stab: Sleeping          |     2 |       ||     2
Armor: Leather armour    |    23 |       ||    23
Dodge: Dodged            |    37 |       ||    37

Table legend: (Time is in decaauts)
 A = Elapsed time spent in this place.
 B = Non-inter-level travel time spent in this place.
 C = Inter-level travel time spent in this place.
 D = Time resting spent in this place.
 E = Time spent auto-exploring this place.
 F = Levels seen in this place.
 G = Mean time per level.
                   A        B        C        D        E       F      G
               +--------+--------+--------+--------+--------+-----+--------+
         Total |   1708 |   1686 |     22 |      0 |   1475 |   2 |  854.0 |
       Dungeon |   1708 |   1686 |     22 |      0 |   1475 |   2 |  854.0 |
               +--------+--------+--------+--------+--------+-----+--------+

Top non-repeatable levels by time:
     D:2: 857 daAuts
     D:1: 851 daAuts
